Map: Terraços Prion

Players

TheZergLord

  • Race: Zerg Zerg
  • League: Master

printf - Winner!

  • Race: Protoss Protoss
  • League: Grandmaster

VOD

Have the link to the VOD?

Description

Time

  • Played on: April 26, 2016, 11:17 a.m.
  • Length: 6:14
Show
View Real Time Build Order
Export as new Build Order

TheZergLord Zerg 

Build Orders: Hatch First 

Get SALT Encoding   

  12  0:01  Drone  
  13  0:12  Overlord  
  13  0:18  Drone  
  14  0:31  Drone x2  
  14  0:35  Drone  
  17  0:52  Hatchery  
  17  0:55  Drone  
  17  0:58  Drone  
  18  1:07  Extractor  
  17  1:15  Spawning Pool  
  16  1:20  Drone  
  16  1:21  Drone  
  18  1:51  Overlord  
  18  1:52  Drone x2  
  20  2:04  Spine Crawler  
  20  2:05  Drone  
  20  2:08  Drone  
  21  2:09  Queen  
  21  2:15  Zergling x4  
  23  2:56  Roach Warren  
  22  3:03  Zergling x6  
  25  3:09  Overlord  
  25  3:10  Drone x2  
  24  3:37  Drone x2  
  26  3:43  Roach x3  
  26  3:44  Roach x2  
  36  3:51  Overlord  
  36  4:05  Hatchery  
  36  4:08  Ravager x2  
  37  4:13  Hatchery  
  37  4:16  Extractor  
  35  4:18  Queen  
  34  4:52  Zergling x2  
  34  4:53  Zergling x14  
  34  4:58  Queen  
  32  5:31  Roach x2  
  32  5:32  Zergling x6  
  39  5:36  Queen  
  37  5:54  Roach x3  
  37  5:55  Zergling x2  
Show
View Real Time Build Order
Export as new Build Order

printf Protoss - Winner!

Build Orders: Cannon Rush 

Get SALT Encoding   

  12  0:01  Probe (Chrono Boost)  
  13  0:11  Probe (Chrono Boost)  
  14  0:19  Pylon  
  14  0:22  Probe (Chrono Boost)  
  15  0:37  Probe (Chrono Boost)  
  15  0:39  Forge  
  16  0:48  Probe (Chrono Boost)  
  17  0:58  Probe (Chrono Boost)  
  17  1:04  Assimilator  
  18  1:10  Pylon  
  18  1:17  Pylon  
  18  1:18  Pylon  
  18  1:28  Photon Cannon  
  18  1:30  Gateway  
  18  1:33  Probe (Chrono Boost)  
  19  1:40  Photon Cannon  
  19  1:59  Photon Cannon  
  19  2:00  Probe (Chrono Boost)  
  20  2:01  Assimilator  
  20  2:06  Pylon  
  20  2:10  Probe (Chrono Boost), Photon Cannon  
  21  2:15  Photon Cannon  
  21  2:25  Photon Cannon  
  21  2:33  Photon Cannon  
  21  2:41  Probe (Chrono Boost)  
  22  2:51  Photon Cannon  
  22  2:57  Cybernetics Core  
  22  3:07  Probe (Chrono Boost)  
  23  3:13  Gateway  
  23  3:23  Probe (Chrono Boost)  
  23  3:25  Assimilator  
  24  3:33  Photon Cannon  
  24  3:40  Stalker  
  26  3:41  Warp Gate (Chrono Boost)  
  26  3:53  Gateway  
  26  4:00  Stalker  
  28  4:10  Stalker  
  30  4:30  Stalker  
  32  4:40  Stalker  
  32  4:43  Stalker  
  36  4:58  Probe  
  37  5:02  Stalker  
  37  5:10  Stalker  
  39  5:31  Pylon  
  39  5:36  Pylon  
  39  5:57  Pylon  
  39  5:58  Pylon  
  39  6:02  Stalker x3  
Tags
 
Add a new tag
Caveats
  • Supply blocks, unpowered buildings, or Contaminate may cause inaccurate times.
  • Supply counts are checked every 10 seconds.